 Dungeon Crawl Stone Soup version 0.29.1-1-gd02db6906a (webtiles) character file.

Game seed: 6989005401229153891

47 Jakudza the Gusty (level 3, -1/20 HPs)
             Began as a Tengu Air Elementalist on Sept 25, 2022.
             Constricted to death by Robin (2 damage)
             ... on level 2 of the Dungeon.
             The game lasted 00:03:38 (1910 turns).

Jakudza the Gusty (Tengu Air Elementalist)          Turns: 1910, Time: 00:03:39

Health: -1/20      AC:  4    Str:  8    XL:     3   Next: 70%
Magic:  1/7        EV:  9    Int: 17    God:
Gold:   44         SH:  0    Dex: 14    Spells: 3/6 levels left

rFire   . . .      SeeInvis .   d - +0 short sword
rCold   . . .      Faith    .   (no shield)
rNeg    . . .      Spirit   .   a - +0 robe
rPois   .          Reflect  .   e - +2 hat
rElec   .          Harm     .   (no cloak)
rCorr   .          Rampage  .   (no gloves)
Will    .....                   (boots unavailable)
Stlth   ++........              (no amulet)
HPRegen 0.06/turn               (no ring)
MPRegen 0.10/turn               (no ring)

@: grasped by roots, constricted
A: beak, talons 3
a: no special abilities


You were on level 2 of the Dungeon.
You visited 1 branch of the dungeon, and saw 2 of its levels.

You collected 44 gold pieces.

Inventory:

Hand Weapons
 d - a +0 short sword (weapon)
Armour
 a - a +0 robe (worn)
 e - a +2 hat (worn)
Scrolls
 f - a scroll of vulnerability {unknown}
Potions
 b - a potion of magic
 c - 2 potions of flight {unknown}


   Skills:
 + Level 1.0 Fighting
 + Level 2.6 Dodging
 - Level 2.1 Stealth
 * Level 2.4 Spellcasting
 + Level 1.9 Conjurations
 * Level 4.6 Air Magic


You had 3 spell levels left.
You knew the following spells:

 Your Spells              Type           Power      Damage    Failure   Level
a - Shock                 Conj/Air       52%        1d6       4%          1
b - Static Discharge      Conj/Air       13%        3-5/arc   7%          2

Your spell library contained the following spells:

 Spells                   Type           Power      Damage    Failure   Level
 Swiftness                Air            18%        N/A       9%          3
 Airstrike                Air            9%         2d(2-18)  26%         4


Dungeon Overview and Level Annotations

Branches:
Dungeon (2/15)

Altars:

Annotations:
D:2 Robin


Innate Abilities, Weirdness & Mutations

You have a beak for a mouth.
You have claws for feet.


Message History

a +0 dagger; a goblin corpse You start resting.
A hobgoblin comes into view.
The zap hits the hobgoblin.
The hobgoblin is lightly wounded.
The hobgoblin shouts!
The zap hits the hobgoblin.
The hobgoblin is moderately wounded.
Robin shouts!
The hobgoblin throws a javelin.
The javelin pierces through you.
The zap misses Robin.
The zap hits the hobgoblin.
You kill the hobgoblin!
The zap hits Robin.
Robin is moderately wounded.
You miscast Shock.
You are very lightly contaminated with residual magic.
Nothing appears to happen.
Robin says, "My goblins will feast on your bones."
Robin zaps a wand.
The roots erupt in riotous growth!
The grasping roots grab you! The grasping roots constrict you.
You hear a shout!
The zap hits Robin.
Robin is moderately wounded.
The grasping roots constrict you.
The zap hits Robin.
Robin is heavily wounded.
Robin hits you from afar with a +0 spear.
The grasping roots constrict you.
The grasping roots release their grip on you.
You are too injured to fight recklessly!
Robin hits you from afar with a +0 spear.
* * * LOW HITPOINT WARNING * * *
Things that are here:
a +0 dagger; a goblin corpse Your magical contamination has completely faded away.
Robin zaps a wand.
The roots erupt in riotous growth!
The grasping roots grab you! The grasping roots constrict you.
You die...

#.#........
######(..))g.†.
#........#
#.####.#)# #.#
#.#.# #.# #)#.#
#.####.#.#
#...g).#.#
#@######.# #.#
.# # ##.#
##.###..# # #
........# .#.
##.##.[.# #.#
#.# #.##...#
#.# #.#
#......# #.#
#.# ####...#
#.# #<#


You could see Robin.

Vanquished Creatures
  A dart slug (D:1)
  2 bats (D:1)
  3 endoplasms
  2 giant cockroaches
  12 goblins
  4 hobgoblins
  2 jackals (D:1)
  3 kobolds (D:1)
  A quokka (D:1)
  2 ball pythons
  A frilled lizard (D:1)
  5 rats
38 creatures vanquished.

Notes
Turn   | Place    | Note
-------+----------+-------------------------------------------
     0 | D:1      | Jakudza the Tengu Air Elementalist began the quest for the
                  | Orb.
     0 | D:1      | Reached XP level 1. HP: 10/10 MP: 4/4
   276 | D:1      | Reached XP level 2. HP: 15/15 MP: 3/6
   281 | D:1      | You fall into a shaft and drop 1 floor!
   362 | D:2      | Noticed Robin
   845 | D:1      | Learned a level 2 spell: Static Discharge
  1111 | D:1      | Reached XP level 3. HP: 20/20 MP: 5/7
  1818 | D:2      | Reached skill level 1 in Fighting
  1906 | D:2      | HP: 1/20 [Robin/+0 spear (6)]
  1910 | D:2      | Constricted to death by Robin

Illustrated notes

Levels and vault maps discovered:
D:1:      minmay_arrival_five_plusses, layout_basic, serial_rivers,
          chequers_serial_rivers_small_a, chequers_serial_rivers_micro_a,
          chequers_serial_rivers_large_a, chequers_serial_rivers_room_a,
          chequers_serial_rivers_marsh, chequers_serial_rivers_micro_b,
          hangedman_abyss_or_decor_stabs, hex_tiny
D:2:      layout_loops_ring, uniq_robin

Skill      XL: |  1  2  3 |
---------------+----------+-----
Fighting       | 1 |  1.0
Dodging        | |  2.6
Stealth        | |  2.1
Spellcasting   | |  2.4
Conjurations   | |  1.9
Air Magic      | |  4.6

Action                   || total
-------------------------++-------
Melee: Unarmed           ||     9
       Kick              ||     4
       Short sword       ||     4
       Peck              ||     1
 Cast: Shock             ||    83
  Use: Scroll            ||     2
Armor: Robe              ||     6
Dodge: Dodged            ||    21
